 Dungeon Crawl Stone Soup version 0.29-a0-962-gc8bbfd0a37 (webtiles) character file.

Game seed: 4132665857882765916

324 quixfox the Digger (level 6, 0/32 HPs)
             Began as a Gargoyle Earth Elementalist on July 30, 2022.
             Slain by an iguana (7 damage)
             ... on level 5 of the Dungeon.
             The game lasted 00:10:24 (4564 turns).

quixfox the Digger (Gargoyle Earth Elementalist)    Turns: 4564, Time: 00:10:25

Health: 0/32       AC:  8    Str: 12    XL:     6   Next: 48%
Magic:  6/12       EV: 11    Int: 17    God:
Gold:   302        SH:  0    Dex: 10    Spells: 7/13 levels left

rFire   . . .      SeeInvis .   e - +0 spear
rCold   . . .      Faith    .   (no shield)
rNeg    + . .      Spirit   .   a - +0 robe
rPois   ∞          Reflect  .   (no helmet)
rElec   +          Harm     .   c - +1 cloak
rCorr   .          Rampage  .   (no gloves)
Will    .....                   (no boots)
Stlth   ++........              (no amulet)
HPRegen 0.10/turn               i - +4 ring of slaying
MPRegen 0.13/turn               (no ring)

@: no status effects
A: sickness immunity, AC +4, negative energy resistance 1, electricity
resistance, torment resistance 1, petrification resistance
a: no special abilities


You were on level 5 of the Dungeon.
You visited 1 branch of the dungeon, and saw 5 of its levels.

You collected 302 gold pieces.

Inventory:

Hand Weapons
 e - a +0 spear (weapon)
Missiles
 j - 8 poisoned darts
Armour
 a - a +0 robe (worn)
 c - a +1 cloak (worn)
Jewellery
 i - a +4 ring of slaying (left hand)
Wands
 q - a wand of mindburst (11)
Scrolls
 k - 2 scrolls of fear {unknown}
Potions
 b - 3 potions of magic
 d - a potion of might {unknown}
 f - 2 potions of haste
 g - a potion of degeneration {unknown}
 h - 6 potions of curing
 l - 2 potions of attraction
 m - 2 potions of heal wounds
 n - 2 potions of invisibility {unknown}
 o - a potion of cancellation {unknown}
 p - 2 potions of berserk rage {unknown}
 r - a potion of lignification {unknown}


   Skills:
 - Level 1.5 Dodging
 - Level 2.1 Stealth
 + Level 4.0 Spellcasting
 + Level 3.3 Conjurations
 - Level 0.7 Transmutations
 + Level 5.9 Earth Magic


You had 7 spell levels left.
You knew the following spells:

 Your Spells              Type           Power      Damage    Failure   Level
a - Sandblast             Erth           46%        2d11      1%          1
b - Passwall              Tmut/Erth      11%        N/A       6%          2
c - Stone Arrow           Conj/Erth      38%        3d9       7%          3

Your spell library contained the following spells:

 Spells                   Type           Power      Damage    Failure   Level
 Magic Dart               Conj           56%        1d5       4%          1
 Searing Ray              Conj           28%        2d5       6%          2
 Shock                    Conj/Air       36%        1d5       9%          1
 Wereblood                Tmut           5%         N/A       19%         2
 Petrify                  Tmut/Erth      14%        N/A       38%         4
 Ozocubu's Armour         Ice            3%         N/A       43%         3
 Swiftness                Air            3%         N/A       43%         3
 Fulminant Prism          Conj/Hex       4%         3d6       63%         4
 Airstrike                Air            1%         0-2+      83%         4
 Metabolic Englaciation   Hex/Ice        1%         N/A       99%         5
 Simulacrum               Ice/Necr       1%         N/A       100%        6
 Summon Hydra             Summ           1%         N/A       100%        7
 Sublimation of Blood     Necr           Unusable   N/A       N/A         2

Dungeon Overview and Level Annotations

Branches:
Dungeon (5/15)
 Temple: D:4-7

Altars:
Cheibriados
Gozag
Okawaru
Trog
Uskayaw
Yredelemnul

Shops:
D:1 (

Annotations:
D:2 Terence


Innate Abilities, Weirdness & Mutations

You are immune to sickness and miasma.
Your stone body is resilient. (AC +4)
You are immune to poison.
You resist negative energy. (rN+)
You are resistant to electric shocks. (rElec)
You are resistant to unholy torment.
You are immune to petrification.


Message History

The ogre shouts!
You can't see any susceptible monsters within range! (Use Z to cast anyway.)
The blast of sand hits the ogre!
The ogre is heavily wounded.
The blast of sand hits the ogre!
The ogre is almost dead.
A quokka comes into view.
The ogre barely misses you.
The quokka moves out of view.
The blast of sand hits the ogre.
The ogre is almost dead.
An iguana comes into view.
The ogre hits you with a +0 giant club!
The blast of sand hits the ogre.
You kill the ogre!
Your Spellcasting skill increases to level 4!
Your Conjurations skill increases to level 3!
A jelly comes into view.
The jelly quivers.
Aiming: Sandblast (safe; 1% risk of failure)
Press: ? - help, Q - select action, (/) - cycle Shift-Dir - straight line, f - jelly
Aim: a jelly (100% to hit)
The blast of sand hits the jelly.
The jelly is lightly wounded.
The jelly hits you.
You are splashed with acid!
* * * LOW HITPOINT WARNING * * *
Aiming: Sandblast (safe; 1% risk of failure)
Press: ? - help, Q - select action, (/) - cycle Shift-Dir - straight line, f/p - jelly
Aim: a jelly (lightly wounded, 100% to hit)
The blast of sand hits the jelly!
The jelly is severely wounded.
The jelly hits you but does no damage.
The iguana bites you but does no damage.
The jelly misses you.
Aiming: Sandblast (safe; 1% risk of failure)
Press: ? - help, Q - select action, (/) - cycle Shift-Dir - straight line, f/p - jelly
Aim: a jelly (severely wounded, 100% to hit)
The blast of sand hits the jelly!
You kill the jelly!
The iguana bites you!
You die...

......#.#####...........#
#######.....'.....).....#
#######...........#
####........# #.######.#
#.# #.# #l# ## #@# .# #.#
+## #.# ..######## #.#
..##.....# ..# ..##.....#
..# ..##.....##### ..#
..##.....'...#...#
####.....###.#


You could see an iguana.

Vanquished Creatures
  An ogre (D:5)
  2 jellies (D:5)
  A hound (D:2)
  An iguana (D:3)
  4 adders
  A gnoll (D:4)
  2 white imps (D:5)
  5 dart slugs
  2 orcs
  14 endoplasms
  8 giant cockroaches
  A goblin (D:2)
  11 hobgoblins
  4 jackals (D:4)
  2 quokkas (D:1)
  5 ball pythons
  3 bats
  A frilled lizard (D:1)
  4 kobolds
  6 rats
78 creatures vanquished.

Notes
Turn   | Place    | Note
-------+----------+-------------------------------------------
     0 | D:1      | quixfox the Gargoyle Earth Elementalist began the quest for
                  | the Orb.
     0 | D:1      | Reached XP level 1. HP: 10/10 MP: 3/3
   188 | D:1      | Reached XP level 2. HP: 5/15 MP: 1/5
   189 | D:1      | Reached skill level 4 in Earth Magic
   807 | D:1      | Found Erikloss's Weapon Boutique.
   930 | D:1      | Reached XP level 3. HP: 19/19 MP: 4/6
   933 | D:1      | Learned a level 2 spell: Passwall
   937 | D:1      | Learned a level 3 spell: Stone Arrow
  1241 | D:2      | Noticed Terence
  1416 | D:2      | Identified the +1 plate armour of the Fig {rElec Will+++
                  | Str+8 Slay-6}
  1592 | D:2      | Reached skill level 1 in Conjurations
  1592 | D:2      | Reached XP level 4. HP: 6/24 MP: 3/8
  2092 | D:3      | Found a faded altar of an unknown god.
  2245 | D:3      | Found an opulent altar of Gozag.
  2479 | D:3      | Reached skill level 5 in Earth Magic
  2684 | D:3      | Reached XP level 5. HP: 28/28 MP: 6/9
  3484 | D:4      | Noticed an ogre
  3903 | D:4      | Found a bloodstained altar of Trog.
  3903 | D:4      | Found an iron altar of Okawaru.
  4336 | D:5      | Entered Level 5 of the Dungeon
  4336 | D:5      | Found a snail-covered altar of Cheibriados.
  4338 | D:5      | Found a basalt altar of Yredelemnul.
  4381 | D:5      | Found a hide-covered altar of Uskayaw.
  4417 | D:5      | Reached XP level 6. HP: 32/32 MP: 8/11
  4564 | D:5      | Slain by an iguana

Illustrated notes

Levels and vault maps discovered:
D:1:      saegor_arrival_simple_c, layout_basic, serial_shops,
          nicolae_shop_bloodbath_and_beyond, amcnicky_mini_rare_corridor_liquid,
          chequers_serial_rivers_small_3, minmay_quantized
D:2:      layout_loops_ring, minmay_cupped, uniq_terence
D:3:      layout_rooms, nicolae_gozag_cash_rules_everything_around_me,
          hellmonk_ecumenical_altar_arch_garden,
          minmay_fractal_squares_gapless_5
D:4:      layout_basic, grunt_temple_overflow_bloody_war,
          kennysheep_small_square
D:5:      layout_basic, minitemple, kennysheep_generic_room_3

Skill      XL: |  1  2  3  4  5  6 |
---------------+-------------------+-----
Earth Magic    | 4 5 |  5.9
Spellcasting   | 3 4 |  4.0
Conjurations   | 1 2 3 |  3.3
Dodging        | |  1.5
Stealth        | |  2.1
Transmutations | |  0.7

Action                   |  1- 3 |  4- 6 || total
-------------------------+-------+-------++-------
Melee: Spear             |     3 |       ||     3
 Cast: Sandblast         |    50 |    67 ||   117
  Use: Scroll            |       |     7 ||     7
Armor: Robe              |    10 |    14 ||    24
Dodge: Dodged            |    23 |    24 ||    47

Table legend: (Time is in decaauts)
 A = Elapsed time spent in this place.
 B = Non-inter-level travel time spent in this place.
 C = Inter-level travel time spent in this place.
 D = Time resting spent in this place.
 E = Time spent auto-exploring this place.
 F = Levels seen in this place.
 G = Mean time per level.
                   A        B        C        D        E       F      G
               +--------+--------+--------+--------+--------+-----+--------+
         Total |   4682 |   4510 |    172 |   1030 |   2242 |   5 |  936.4 |
       Dungeon |   4682 |   4510 |    172 |   1030 |   2242 |   5 |  936.4 |
               +--------+--------+--------+--------+--------+-----+--------+

Top non-repeatable levels by time:
     D:4: 1271 daAuts
     D:1: 1242 daAuts
     D:3: 1071 daAuts
     D:2: 853 daAuts
     D:5: 243 daAuts
